 Dungeon Crawl Stone Soup version 0.32-a0-834-geaf45d8e21 (webtiles) character file.

Game seed: 2136268798524285885

13136 ismokegas the Carver (level 12, -3/117 HPs)
             Began as a Tengu Berserker on Mar 26, 2024.
             Was an Elder of Trog.
             Slain by a redback (10 damage)
             ... in a Gauntlet.
             The game lasted 00:17:24 (12317 turns).

ismokegas the Carver (Tengu Berserker)             Turns: 12317, Time: 00:17:24

Health: -3/117     AC: 12    Str: 19    XL:     12   Next: 2%
Magic:  22/22      EV: 18    Int:  7    God:    Trog [****..]
Gold:   212        SH:  0    Dex: 18    Spells: 11/11 levels left

rFire   . . .        A - +0 long sword
rCold   . . .        (no shield)
rNeg    + . .        r - +0 ring mail
rPois   +            f - +2 hat
rElec   .            (no cloak)
rCorr   .            B - +0 pair of gloves
SInv    .            (boots unavailable)
Will    .....        M - amulet of faith Stlth
                     s - ring of poison resistance
HPRegen 0.39/turn    C - ring "Inuug" {+Blink rN+ MP+9 AC+4}
MPRegen 0.18/turn

%: no teleportation, acrobat, faith
@: berserking (expiring), lethally poisoned (-3 -> -21), flying, very quick
A: beak, talons 3, evasive flight, acrobatic
a: Renounce Religion, Evoke Blink, Berserk, Trog's Hand, Brothers in Arms


You were in a Gauntlet.
You worshipped Trog.
Trog was greatly pleased with you.
You visited 2 branches of the dungeon, and saw 11 of its levels.
You also visited: Gauntlet.

You collected 362 gold pieces.
You spent 150 gold pieces at shops.

Inventory:

Hand Weapons
 t - a +0 falchion of holy wrath
 A - a +0 long sword (weapon)
 J - a +5 heavy great sword
Missiles
 c - 8 boomerangs (quivered)
 j - 4 throwing nets
Armour
 f - a +2 hat (worn)
 r - a +0 ring mail (worn)
 B - a +0 pair of gloves (worn)
 K - a +0 kite shield of cold resistance
 L - a +0 scale mail
Jewellery
 s - a ring of poison resistance (left hand)
 C - the ring "Inuug" (right hand) {+Blink rN+ MP+9 AC+4}
   (You bought it in a shop on level 4 of the Dungeon)

   [ring of protection]

   AC+4:      It affects your AC (+4).
   rN+:       It protects you from negative energy.
   MP+9:      It affects your magic capacity (+9).
   +Blink:    It lets you blink.
 M - an amulet of faith (around neck)
 O - an amulet of guardian spirit
 P - a ring of protection from cold
Wands
 e - a wand of flame (12)
 F - a wand of mindburst (2)
 N - a wand of digging (1)
Scrolls
 b - a scroll of fog
 g - 2 scrolls of vulnerability
 h - 5 scrolls of teleportation
 m - 2 scrolls of noise
 o - a scroll of enchant armour
 w - 2 scrolls of fear
 x - a scroll of torment
 y - a scroll of revelation {unknown}
 G - a scroll of immolation {unknown}
 H - a scroll of blinking {unknown}
Potions
 a - a potion of cancellation
 d - 4 potions of mutation
 i - 5 potions of berserk rage
 k - 2 potions of might
 l - 2 potions of heal wounds
 n - a potion of brilliance
 p - 3 potions of curing
 q - a potion of ambrosia {unknown}
 u - 3 potions of lignification
 v - a potion of magic {unknown}
 z - a potion of invisibility {unknown}
 D - 2 potions of attraction {unknown}
 E - a potion of haste {unknown}
Miscellaneous
 I - a phantom mirror


   Skills:
 + Level 10.5 Fighting
 * Level 13.7 Long Blades
 - Level 1.2 Maces & Flails
 - Level 4.0 Throwing
 - Level 2.1 Armour
 + Level 7.9 Dodging
 + Level 2.1 Shields
 - Level 6.0 Evocations


You had 11 spell levels left.
You didn't know any spells.
Your spell library was empty.

Dungeon Overview and Level Annotations

Branches:
Dungeon (10/15)            Temple (0/1) D:6            Lair (1/5) D:8
Gauntlet (1/1)
    Orc: D:9-12

Altars:
Dithmenos
Elyvilon
Fedhas
Kikubaaqudgha
Makhleb
Ru
Trog
Uskayaw
Vehumet
Beogh

Shops:
D:4 *   D:6 :   D:8 :

Annotations:
Gauntlet 11 transporters, 1 runed translucent door


Innate Abilities, Weirdness & Mutations

You have a beak for a mouth.
You have claws for feet.
Your magical flight helps you evade attacks. (EV +4)
You can magically evade attacks while moving or waiting.


Message History

The redback closely misses you. The redback completely misses you.
The moth of wrath misses you. The redback barely misses you.
You slash the moth of wrath!
The moth of wrath is moderately wounded.
* * * LOW HITPOINT WARNING * * *
You feel very sick. The redback closely misses you.
The moth of wrath completely misses you.
The redback barely misses you.
You slice the moth of wrath!!
The moth of wrath is almost dead.
* * * LOW HITPOINT WARNING * * *
You feel very sick. The redback bites you.
* * * LOW HITPOINT WARNING * * *
You slice the moth of wrath!!
You kill the moth of wrath!
Trog accepts your kill.
* * * LOW HITPOINT WARNING * * *
You feel very sick.
The redback bites you but does no damage.
The redback misses you. The redback closely misses you. The redback misses you.
The redback closely misses you.
Training target 6.0 for Evocations reached!
Your Evocations skill increases to level 6!
You have reached level 12!
You feel agile.
You are too berserk!
You closely miss the redback. You peck the redback.
The redback is lightly wounded.
* * * LOW HITPOINT WARNING * * *
You feel very sick.
The redback bites you but does no damage.
The redback misses you. The redback barely misses you.
You slice the redback!! You claw the redback!! Your peck misses the redback.
The redback is almost dead.
* * * LOW HITPOINT WARNING * * *
You feel very sick. The redback misses you. The redback bites you!
You die...

##.....................ß.....ß
#≈...###########..............
##...#.........#...#########..
#≈.∩.#.#.#.#.#.#...#WW.©##W#..
##...#..#.#.#.}######..##}$#..
#§...#.#.#.#.#?#...###.#.."#..
##.ß©#..#.©.#.©#©.©#.##W##©#.ß
#≈...#.#.#.#s#s#...#...#.###..
##...#..#.#.#@.#####W.##..##..
#≈.∩.#.#.#.#.#s#...#.##....#..
##...#.........#...#########..
#≈...###########..............
##.....................ß.....ß
##.ß.....ß.....ß.............
#≈...............###########.
##...#########...#.####Z#..#.
#§...#©#...+2#...#.#Z##....#.


You could see 3 redbacks and 2 shadows.

Vanquished Creatures
  2 two-headed ogres
  The ghost of Dazliare the Magician, a novice OnRe of Okawaru (D:6)
  The ghost of ezpacito the Trooper, a novice CoCK of Xom (D:6)
  The ghost of Pokonic1 the Cudgeller, a novice TrBe of Trog (D:6)
  The ghost of pokeman the Thaumaturge, a novice DEHW of Vehumet (D:6)
  A molten gargoyle (D:10)
  A moth of wrath (Gauntlet)
  An unseen horror (D:10)
  Psyche (D:8)
  2 kobold demonologists (D:9)
  2 polar bears (D:10)
  The ghost of RandomusNamus the Shield-Bearer, an amateur FoFi of Gozag (D:4)
  Grinder (D:3)
  The ghost of avangion the Trooper, an amateur OnWr (D:6)
  6 yaks (D:8)
  Eustachio (D:4)
  A wraith (D:9)
  3 wyverns
  A basilisk (D:8)
  The ghost of HilariousDeathArtist the Trooper, an amateur CoBe of Trog (D:4)
  A redback (Gauntlet)
  Menkaure (D:5)
  2 water moccasins
  13 orc warriors
  An ice beast (D:8)
  4 black bears
  3 ogres (D:8)
  5 centaurs
  3 phantoms
  2 kobold brigands
  A gnoll sergeant (D:9)
  2 scorpions (D:4)
  3 bullfrogs
  6 killer bees (D:8)
  6 howler monkeys
  A vampire bat (D:9)
  4 hounds
  A bombardier beetle (D:4)
  2 jellies
  10 orc priests
  5 gnoll boudas
  A sleepcap (D:6)
  10 orc wizards
  20 gnolls
  11 adders
  A shadow imp (D:7)
  6 ufetubi
  A dart slug (D:1)
  A ribbon worm (D:3)
  47 orcs
  5 bats
  4 bat skeletons (D:9)
  2 bat zombies (D:9)
  8 endoplasms
  4 goblins
  8 hobgoblins
  3 jackals (D:1)
  8 kobolds
  6 quokkas
  13 ball pythons
  2 frilled lizards
  4 rats
271 creatures vanquished.

Vanquished Creatures (others)
  A kobold (D:9)
1 creature vanquished.

Grand Total: 272 creatures vanquished

Notes
Turn   | Place    | Note
-------+----------+-------------------------------------------
     0 | D:1      | ismokegas the Tengu Berserker began the quest for the Orb.
     0 | D:1      | Reached XP level 1. HP: 14/14 MP: 2/2
   183 | D:1      | Reached XP level 2. HP: 19/19 MP: 3/3
   302 | D:1      | Reached skill level 4 in Long Blades
   311 | D:1      | Found a faded altar of an unknown god.
   316 | D:1      | Reached XP level 3. HP: 21/23 MP: 4/4
   356 | D:1      | Reached ** piety under Trog
   952 | D:2      | Reached skill level 1 in Maces & Flails
   952 | D:2      | Reached XP level 4. HP: 21/29 MP: 5/5
  1892 | D:3      | Noticed Grinder
  1904 | D:3      | Killed Grinder
  1905 | D:3      | Reached skill level 5 in Fighting
  1905 | D:3      | Reached skill level 5 in Long Blades
  1905 | D:3      | Reached XP level 5. HP: 35/35 MP: 6/6
  1905 | D:3      | Reached XP level 6. HP: 40/40 MP: 7/7
  2423 | D:4      | Reached skill level 6 in Long Blades
  2499 | D:4      | Found Cegiet's Assorted Antiques.
  2511 | D:4      | Found a radiant altar of Vehumet.
  2533 | D:4      | Gained mutation: Your magical flight helps you evade
                  | attacks. (EV +4) [Tengu growth]
  2533 | D:4      | Reached XP level 7. HP: 35/45 MP: 8/8
  2676 | D:4      | Reached skill level 7 in Long Blades
  2705 | D:4      | Found a bloodstained altar of Trog.
  2750 | D:4      | Reached XP level 8. HP: 9/52 MP: 9/9
  2929 | D:4      | Reached *** piety under Trog
  3018 | D:4      | Found a runed translucent gate.
  3018 | D:4      | Found a runed translucent gate.
  3018 | D:4      | Found a runed translucent gate.
  3018 | D:4      | Noticed HilariousDeathArtist's ghost (amateur CoBe)
  3019 | D:4      | Noticed RandomusNamus's ghost (amateur FoFi)
  3137 | D:4      | Noticed Eustachio
  3165 | D:4      | Killed Eustachio
  3166 | D:4      | Reached skill level 8 in Long Blades
  3331 | D:4      | Found a shadowy altar of Dithmenos.
  3481 | D:4      | Killed RandomusNamus's ghost
  3490 | D:4      | Killed HilariousDeathArtist's ghost
  3787 | D:5      | Entered Level 5 of the Dungeon
  3875 | D:5      | Reached skill level 9 in Long Blades
  3991 | D:5      | Noticed Menkaure
  3997 | D:5      | Killed Menkaure
  3998 | D:5      | Reached XP level 9. HP: 59/59 MP: 10/10
  4672 | D:6      | Found a burning altar of Makhleb.
  4908 | D:6      | Found a hide-covered altar of Uskayaw.
  4937 | D:6      | Found a staircase to the Ecumenical Temple.
  5036 | D:6      | Reached skill level 10 in Long Blades
  5052 | D:6      | Found Ibupad's Book Emporium.
  5106 | D:4      | Bought a shimmering platinum ring for 150 gold pieces
  5106 | D:4      | Identified the ring "Inuug" {+Blink rN+ MP+9 AC+4} (You
                  | bought it in a shop on level 4 of the Dungeon)
  5215 | D:6      | Found a runed translucent gate.
  5215 | D:6      | Found a runed translucent gate.
  5216 | D:6      | Found a runed translucent gate.
  5217 | D:6      | Noticed ezpacito's ghost (novice CoCK)
  5218 | D:6      | Noticed Pokonic1's ghost (novice TrBe)
  5218 | D:6      | Noticed Dazliare's ghost (novice OnRe)
  5218 | D:6      | Noticed avangion's ghost (amateur OnWr)
  5218 | D:6      | Noticed pokeman's ghost (novice DEHW)
  5692 | D:6      | Killed ezpacito's ghost
  5693 | D:6      | Reached skill level 1 in Evocations
  5700 | D:6      | Killed Dazliare's ghost
  5701 | D:6      | Reached skill level 5 in Dodging
  5701 | D:6      | Reached XP level 10. HP: 42/66 MP: 11/11
  5705 | D:6      | Killed pokeman's ghost
  5706 | D:6      | Reached skill level 11 in Long Blades
  5710 | D:6      | Killed avangion's ghost
  5719 | D:6      | Killed Pokonic1's ghost
  6112 | D:7      | Noticed a two-headed ogre
  6124 | D:7      | Killed a two-headed ogre
  6400 | D:7      | Found a white marble altar of Elyvilon.
  6523 | D:7      | Reached **** piety under Trog
  6900 | D:8      | Reached skill level 12 in Long Blades
  6903 | D:8      | Reached skill level 1 in Throwing
  6926 | D:8      | Found a blossoming altar of Fedhas.
  6929 | D:8      | Found a staircase to the Lair.
  7452 | D:8      | Reached XP level 11. HP: 8/72 MP: 12/12
  7723 | D:8      | Found Coikhomu's Book Shoppe.
  8193 | D:8      | Reached ***** piety under Trog
  8214 | D:8      | Reached skill level 10 in Fighting
  8217 | D:8      | Reached skill level 5 in Evocations
  8941 | D:9      | Noticed Psyche
  8986 | D:8      | Killed Psyche
  9183 | D:9      | Reached skill level 13 in Long Blades
  9308 | D:9      | Received a gift from Trog
  9774 | D:9      | Found an ancient bone altar of Kikubaaqudgha.
 10070 | D:9      | Found a sacrificial altar of Ru.
 10350 | D:10     | Entered Level 10 of the Dungeon
 10513 | D:10     | Noticed a two-headed ogre
 10525 | D:10     | Killed a two-headed ogre
 10526 | D:10     | Reached skill level 1 in Shields
 10633 | D:10     | Found a bloodstained altar of Trog.
 11360 | D:10     | Found a roughly hewn altar of Beogh.
 11892 | D:10     | Noticed a skeletal warrior
 11952 | Lair:1   | Entered Level 1 of the Lair of Beasts
 11952 | Lair:1   | Found a gate leading to a gauntlet.
 11956 | Gauntlet | Entered a Gauntlet
 11956 | Gauntlet | Found a transporter.
 11959 | Gauntlet | Noticed a moth of wrath
 11982 | Gauntlet | Found a transporter.
 11982 | Gauntlet | Noticed a death yak
 11983 | Gauntlet | Noticed a death yak
 11983 | Gauntlet | Noticed a death yak
 11984 | Gauntlet | Noticed a death yak
 11985 | Gauntlet | Noticed a death yak
 11999 | Gauntlet | Found a transporter.
 12003 | Gauntlet | Found a transporter.
 12005 | Gauntlet | Noticed a death scarab
 12011 | Gauntlet | Noticed a spectral death yak
 12013 | Gauntlet | Found a transporter.
 12037 | Gauntlet | Found a transporter.
 12049 | Gauntlet | Noticed a death scarab
 12049 | Gauntlet | Noticed a death scarab
 12051 | Gauntlet | Found a transporter.
 12077 | Gauntlet | Found a transporter.
 12078 | Gauntlet | Found a transporter.
 12080 | Gauntlet | Noticed a reaper
 12084 | Gauntlet | Found a transporter.
 12105 | Gauntlet | Found a runed translucent door.
 12117 | Gauntlet | Found a transporter.
 12117 | Gauntlet | Found a transporter.
 12134 | Gauntlet | Noticed a death scarab
 12315 | Gauntlet | Killed a moth of wrath
 12316 | Gauntlet | Reached XP level 12. HP: 13/78 MP: 13/13
 12317 | Gauntlet | Slain by a redback

Illustrated notes

Levels and vault maps discovered:
D:1:      dpeg_chamrin_arrival_tetris, layout_basic, basic_ecumenical_altar,
          minmay_surrounded
D:2:      layout_basic
D:3:      layout_basic, uniq_grinder
D:4:      layout_layer_cave, mainiacjoe_overflow_brackets,
          mainiacjoe_overflow_chevrons, gammafunk_ghost_cemetery, serial_shops,
          shop, minmay_ruined_shrine, uniq_eustachio
D:5:      layout_gridville, uniq_menkaure
D:6:      layout_basic, mainiacjoe_overflow_alcove_4,
          mainiacjoe_overflow_concentric_impassable,
          minmay_temple_entry_slanted, serial_shops,
          nicolae_shop_tiny_real_fake_doors, gammafunk_ghost_cemetery
D:7:      layout_gridville, kennysheep_mini
D:8:      kennysheep_seaside_town, layout_basic, fedhas_altar_1,
          david_lair_generic, serial_shops, shop_fountains, minmay_misc_feat_chi
D:9:      layout_layer_cave, kennysheep_vampire_church, old_standard_altar,
          uniq_psyche
D:10:     layout_roguey, trog_ov_bears_minmay,
          beargit_hepliaklqana_dungeon_heroes, special_room [special_room_orc],
          minmay_misc_feat_iff
Lair:1:   layout_cave_pods, gauntlet_entry_generic, serial_bayou_lagoon_a,
          st_stairs_7
Gauntlet: minmay_gauntlet_mixed_oops_all_seconds [minmay_gauntlet_arena_77_path,
          gammafunk_gauntlet_arena_grid, minmay_gauntlet_arena_77_museum,
          gammafunk_gauntlet_arena_mazey, minmay_gauntlet_arena_77_fan,
          gammafunk_gauntlet_arena_spirals, gauntlet_exit_green]

Skill      XL: |  1  2  3  4  5  6  7  8  9 10 11 |
---------------+----------------------------------+-----
Long Blades    | 4 5 6 7 9 10 12 13 | 13.7
Maces & Flails | 1 |  1.2
Fighting       | 5 6 8 9 10 | 10.5
Dodging        | 3 5 6 7 |  7.9
Evocations     | 2 4 6 |  6.0
Throwing       | 1 4 |  4.0
Shields        | 2 |  2.1
Armour         | |  2.1

Action                     |  1- 3 |  4- 6 |  7- 9 | 10-12 || total
---------------------------+-------+-------+-------+-------++-------
  Melee: Falchion          |    63 |    42 |   210 |    17 ||   332
         Kick              |    20 |    20 |    70 |   225 ||   335
         Peck              |     6 |     7 |    48 |   132 ||   193
         Whip              |    13 |    26 |       |       ||    39
         Long sword        |       |       |    11 |   626 ||   637
         Unarmed           |       |       |       |     2 ||     2
         Great sword       |       |       |       |     1 ||     1
  Throw: Boomerang         |       |     3 |       |       ||     3
         Throwing net      |       |       |       |     2 ||     2
 Invoke: Berserk           |     1 |     2 |     2 |     6 ||    11
         Trog's Hand       |       |     1 |       |       ||     1
    Use: Scroll            |     1 |       |     7 |     8 ||    16
         Potion            |       |       |     1 |     4 ||     5
   Stab: Held in net/web   |       |       |       |     2 ||     2
 Armour: Animal skin       |    28 |    11 |       |       ||    39
         Ring mail         |       |    25 |   118 |   331 ||   474
         Skin              |       |       |       |     2 ||     2
  Dodge: Dodged            |    72 |    37 |   209 |   622 ||   940

Table legend: (Time is in decaauts)
 A = Elapsed time spent in this place.
 B = Non-inter-level travel time spent in this place.
 C = Inter-level travel time spent in this place.
 D = Time resting spent in this place.
 E = Time spent auto-exploring this place.
 F = Levels seen in this place.
 G = Mean time per level.
                   A        B        C        D        E       F      G
               +--------+--------+--------+--------+--------+-----+--------+
         Total |  12246 |  11633 |    613 |   1392 |   8302 |  12 | 1020.5 |
       Dungeon |  11888 |  11275 |    613 |   1292 |   8124 |  10 | 1188.8 |
          Lair |      3 |      3 |      0 |      0 |      0 |   1 |    3.0 |
      Gauntlet |    354 |    354 |      0 |    100 |    178 |   1 |  354.0 |
               +--------+--------+--------+--------+--------+-----+--------+

Top non-repeatable levels by time:
     D:8: 1935 daAuts
     D:9: 1716 daAuts
     D:4: 1511 daAuts
    D:10: 1406 daAuts
     D:6: 1239 daAuts
     D:2: 915 daAuts
     D:3: 869 daAuts
     D:5: 838 daAuts
     D:1: 739 daAuts
     D:7: 717 daAuts
Gauntlet: 354 daAuts
  Lair:1: 3 daAuts
